 Dungeon Crawl Stone Soup version 0.30-a0-743-gbfdf073431 (webtiles) character file.

Game seed: 6114708102754738887

14 M4edhros the Sneak (level 2, -3/21 HPs)
             Began as an Octopode Delver on Feb 6, 2023.
             Slain by a howler monkey (6 damage)
             ... on level 6 of the Dungeon.
             The game lasted 00:01:05 (191 turns).

M4edhros the Sneak (Octopode Delver)                 Turns: 191, Time: 00:01:05

Health: -3/21      AC: -3    Str: 11    XL:     2   Next: 45%
Magic:  2/2        EV: 13    Int: 12    God:
Gold:   23         SH:  0    Dex: 13    Spells: 1/1 levels left

rFire   . . .      SeeInvis .      - Unarmed
rCold   . . .      Faith    .    (no shield)
rNeg    . . .      Spirit   .    (helmet restricted)
rPois   .          Reflect  .    (no amulet)
rElec   .          Harm     .    (no ring)
rCorr   .          Rampage  .    (no ring)
Will    .....                    (no ring)
Stlth   ++++                     (no ring)
HPRegen 0.23/turn                (no ring)
MPRegen 0.08/turn                (no ring)
                                 (no ring)
                                 (no ring)

@: corroded
A: almost no armour, amphibious, 8 rings, camouflage 1, gelatinous body 1,
(nimble swimmer 1), tentacles
a: no special abilities


You were on level 6 of the Dungeon.
You visited 2 branches of the dungeon, and saw 3 of its levels.

You collected 23 gold pieces.

Inventory:

Hand Weapons
 g - a +0 rapier
Wands
 e - a wand of digging (3)
 h - a wand of charming (10)
Scrolls
 a - a scroll of fog
 b - a scroll of magic mapping
 c - a scroll of fear
 f - a scroll of noise {unknown}
 j - a scroll of enchant armour {unknown}
Potions
 d - a potion of haste
 i - a potion of mutation {unknown}


   Skills:
 - Level 3.0 Fighting
 - Level 2.0 Dodging
 - Level 6.6 Stealth
 + Level 3.0 Unarmed Combat


You had one spell level left.
You didn't know any spells.
Your spell library was empty.

Dungeon Overview and Level Annotations

Branches:
Dungeon (6/15)             Temple (1/1) D:6

Altars:
Ashenzari
Dithmenos
Elyvilon
Kikubaaqudgha
Nemelex Xobeh
Qazlal
Sif Muna
Vehumet
Yredelemnul
The Shining One


Innate Abilities, Weirdness & Mutations

You cannot wear most types of armour.
You are amphibious.
You can wear up to eight rings at the same time.
Your skin changes colour to match your surroundings (Stealth+).
Your rubbery body absorbs attacks. (AC +1, EV +1)
((You are camouflaged when in or above water. (Stealth+)))
You have tentacles for arms and can constrict up to eight enemies at once.


Message History

Aiming: Dig
Press: ? - help, Shift-Dir - straight line, f - you Please select a direction to dig.
Okay, then.
Aiming: Charm
Press: ? - help, Shift-Dir - straight line, f - jelly
Aim: a jelly (lightly wounded, chance to affect: 57%)
The jelly is charmed.
What are your orders? t - Shout!
Orders for allies: a - Attack new target. p - Attack previous target. r - Retreat! s - Stop attacking. g - Guard the area. f - Follow me.
Anything else - Cancel.
Guard this area!
The howler monkey hoots and howls with incredible vigour!
You hear a shout!
Found a stone staircase leading down.
The howler monkey hits your jelly.
The howler monkey is burned by acid!
Your jelly hits the howler monkey.
The howler monkey is splashed with acid!
The acid corrodes the howler monkey!
The howler monkey hits your jelly.
The howler monkey is burned by acid!
An orc comes into view. It is wielding a +0 club.
Your jelly closely misses the howler monkey.
The howler monkey hits your jelly.
Your jelly dies!
The howler monkey hoots and howls with incredible vigour!
You hear a bark!
Your Unarmed Combat skill increases to level 3!
A phantom comes into view.
You closely miss the howler monkey. You grab the howler monkey.
The howler monkey is severely wounded.
You constrict the howler monkey. The howler monkey hits you.
A necrophage comes into view.
The orc hits you with a +0 club.
* * * LOW HITPOINT WARNING * * *
You tentacle-slap the howler monkey but do no damage.
The howler monkey is severely wounded.
You constrict the howler monkey. The howler monkey hits you.
You die...

###. .... .....
## .....
########..
../.##.....W...
..#..........
#h.........
#.#.@.#...#####
#..o...........
#...#+#.........
.....n
#......... .#..#
#......... ....
#......## ...
##.....# #....
>. #.....+ +....
#.....#####....


You could see a necrophage, a phantom, a howler monkey (catching breath,
corroded) and an orc.

Vanquished Creatures
  An adder (D:6)
1 creature vanquished.

Vanquished Creatures (others)
  A jelly (D:6)
1 creature vanquished.

Grand Total: 2 creatures vanquished

Notes
Turn   | Place    | Note
-------+----------+-------------------------------------------
     0 | D:5      | M4edhros the Octopode Delver began the quest for the Orb.
     0 | D:5      | Reached XP level 1. HP: 16/16 MP: 1/1
     4 | D:5      | Found an ancient bone altar of Kikubaaqudgha.
    49 | D:5      | Noticed a hound
    58 | D:6      | Found a staircase to the Ecumenical Temple.
    66 | Temple   | Entered the Ecumenical Temple
   147 | D:6      | Reached XP level 2. HP: 21/21 MP: 2/2
   181 | D:6      | Noticed a howler monkey
   189 | D:6      | Noticed a phantom
   190 | D:6      | Noticed a necrophage
   191 | D:6      | Slain by a howler monkey

Illustrated notes

Levels and vault maps discovered:
D:5:      layout_basic, mainiacjoe_overflow_paths,
          gammafunk_temple_overflow_wave
D:6:      layout_basic, mainiacjoe_overflow_surrounded_room,
          mainiacjoe_overflow_small_starburst, minmay_temple_entry_junction_2,
          nicolae_titane, uniq_duvessa
Temple:   nicolae_temple_figure_zero

Skill      XL: |  1  2 |
---------------+-------+-----
Unarmed Combat | 3 |  3.0
Fighting       | |  3.0
Dodging        | |  2.0
Stealth        | |  6.6

Action                     || total
---------------------------++-------
  Melee: Unarmed           ||     6
         Constrict         ||     2
  Evoke: Wand              ||     1
   Stab: Sleeping          ||     1
  Dodge: Dodged            ||     2

Table legend: (Time is in decaauts)
 A = Elapsed time spent in this place.
 B = Non-inter-level travel time spent in this place.
 C = Inter-level travel time spent in this place.
 D = Time resting spent in this place.
 E = Time spent auto-exploring this place.
 F = Levels seen in this place.
 G = Mean time per level.
                   A        B        C        D        E       F      G
               +--------+--------+--------+--------+--------+-----+--------+
         Total |    190 |    184 |      6 |      0 |      0 |   3 |   63.3 |
       Dungeon |    126 |    126 |      0 |      0 |      0 |   2 |   63.0 |
        Temple |     63 |     57 |      6 |      0 |      0 |   1 |   63.0 |
               +--------+--------+--------+--------+--------+-----+--------+

Top non-repeatable levels by time:
     D:6: 71 daAuts
  Temple: 63 daAuts
     D:5: 55 daAuts
